 Dungeon Sprint DCSS version 0.30-a0-250-g41c1d76940 (webtiles) character file.

Game seed: 16295235424534563895

1800000 ytrimaz the Pandemonic (level 16, -7/123 HPs)
             Began as a Demonspawn Monk on Oct 12, 2022.
             Was a High Priest of Makhleb.
             Mangled by a meat berserker
             ... wielding a +9 battleaxe
              (70 damage)
             ... in the Dungeon (Sprint VIII: "Arena of Blood").
             The game lasted 00:00:39 (18 turns).

ytrimaz the Pandemonic (Demonspawn Monk)              Turns: 18, Time: 00:00:40

Health: -7/123     AC:  6    Str: 13    XL:     16   Next: 20%
Magic:  3/29       EV: 19    Int: 12    God:    Makhleb [*****.]
Gold:   0          SH:  0    Dex: 22    Spells: 33/33 levels left

rFire   + . .      SeeInvis .    i - +∞ Axe of Woe
rCold   . . .      Faith    .    (shield currently unavailable)
rNeg    . . .      Spirit   .    a - +0 robe
rPois   .          Reflect  .    (helmet restricted)
rElec   .          Harm     .    (no cloak)
rCorr   .          Rampage  .    (no gloves)
Will    +....      NoTele   +    (no boots)
Stlth   +++++.....               (no amulet)
HPRegen 7.40/turn                (no ring)
MPRegen 0.21/turn                (no ring)

@: no status effects
A: antennae 2, molten scales 3, powered by death 2, spiny 1
a: Renounce Religion, Minor Destruction, Lesser Servant of Makhleb, Major
Destruction, Greater Servant of Makhleb


You were in the Dungeon.
You worshipped Makhleb.
Makhleb was extremely pleased with you.
You visited 1 branch


Innate Abilities, Weirdness & Mutations

You have a pair of antennae on your head.
You are completely covered in molten scales. (AC +4, rF+)
You regenerate health from kills.
You are partially covered in sharp spines.


   Skills:
 + Level 10.4 Fighting
 + Level 9.3(11.0) Short Blades
 + Level 9.3(11.0) Long Blades
 + Level 9.4(12.6) Axes
 + Level 9.8(12.8) Maces & Flails
 + Level 9.4(12.6) Polearms
 + Level 9.5(12.7) Staves
 + Level 9.4 Ranged Weapons
 + Level 9.4 Throwing
 + Level 9.6 Armour
 + Level 9.6 Dodging
 + Level 10.5 Stealth
 + Level 9.2 Shields
 + Level 9.7 Unarmed Combat
 + Level 9.3 Spellcasting
 + Level 10.0 Conjurations
 + Level 10.0 Hexes
 + Level 10.5 Summonings
 + Level 11.0 Necromancy
 + Level 9.4 Translocations
 + Level 9.5 Transmutations
 + Level 9.5 Fire Magic
 + Level 9.3 Ice Magic
 + Level 9.3 Air Magic
 + Level 9.2 Earth Magic
 + Level 10.0 Poison Magic
 + Level 13.2 Invocations
 + Level 10.2 Evocations


You had 33 spell levels left.
You didn't know any spells.
Your spell library was empty.

Inventory:

Hand Weapons
 i - the +∞ Axe of Woe (weapon)
   (You found it in the Dungeon)
Armour
 a - a +0 robe (worn)
Scrolls
 h - a scroll of blinking
Potions
 b - a potion of ambrosia
 c - a potion of curing
 d - a potion of heal wounds
 e - a potion of haste
 f - 2 potions of magic
 g - a potion of berserk rage

Dungeon Overview and Level Annotations

Branches:
Dungeon (1/1) Zot: 27000

Altars:
Makhleb

......o.o.
..........
.......o...
......... #.......#
.#. #.O.....#
.....###)..o...###.
....OO)@).###......
..#...oO).._)......
#.......#..)..#....
.......o#_.<._# .
#....o..#.....#
..#........_.....
..........###......
....###... .O###.
#... ..#


You could see 5 meat berserkers and 7 bags of meat.


Message History

A meat berserker comes into view. It is wielding a +9 battleaxe.
A bag of meat comes into view. It is wielding a +9 war axe.
You hear a shout! x2
Your Fighting skill increases to level 9!
Your base Short Blades skill increases to level 8!
Your base Long Blades skill increases to level 8!
Your base Maces & Flails skill increases to level 9!
Your base Polearms skill increases to level 8!
Your Ranged Weapons skill increases to level 8!
Your Shields skill increases to level 8!
Your Unarmed Combat skill increases to level 9!
Your Spellcasting skill increases to level 8!
Your Conjurations skill increases to level 9!
Your Hexes skill increases to level 9!
Your Necromancy skill increases to level 10!
Your Translocations skill increases to level 8!
Your Transmutations skill increases to level 8!
Your Ice Magic skill increases to level 8!
Your Air Magic skill increases to level 8!
Your Earth Magic skill increases to level 8!
Your Poison Magic skill increases to level 9!
Your Invocations skill increases to level 12!
Your Evocations skill increases to level 9!
You have reached level 15!
Your experience leads to an increase in your attributes!
Increase (S)trength, (I)ntelligence, or (D)exterity?
You feel agile. x2 😕 HP[+39]
You now have 114 max hp (+8).
You regained 39 hp, and now have 105/114 hp.
Unknown command.
The bag of meat shouts! x2; You hear a shout! x5
The meat berserker hits you with a +9 battleaxe!!
You hear a shout! x3 😮 HP[-21] MP[+1]
You take 21 damage, and now have 84/114 hp.
Unknown command.
You hit the meat berserker.
You chop the meat berserker into pieces.
You kill the meat berserker!
Makhleb accepts your kill.
You can now summon a greater servant of Makhleb.
You feel better.
You hit the bag of meat.
You fatally mangle the bag of meat.
You kill the bag of meat!
Makhleb accepts your kill.
You feel better.
You slash the bag of meat! You chop the bag of meat into pieces.
You kill the bag of meat!
Makhleb accepts your kill.
You hear a shout! x9
The meat berserker hits you with a +9 battleaxe!!!
Ouch! That really hurt!
* * * LOW HITPOINT WARNING * * *
You hear a shout!
A bag of meat comes into view. It is wielding a +9 war axe.
You hear a shout! x6
Your Fighting skill increases to level 10!
Your base Short Blades skill increases to level 9!
Your base Long Blades skill increases to level 9!
Your base Axes skill increases to level 9!
Your base Polearms skill increases to level 9!
Your base Staves skill increases to level 9!
Your Ranged Weapons skill increases to level 9!
Your Throwing skill increases to level 9!
Your Armour skill increases to level 9!
Your Dodging skill increases to level 9!
Your Stealth skill increases to level 10!
Your Shields skill increases to level 9!
Your Spellcasting skill increases to level 9!
Your Conjurations skill increases to level 10!
Your Hexes skill increases to level 10!
Your Summonings skill increases to level 10!
Your Necromancy skill increases to level 11!
Your Translocations skill increases to level 9!
Your Transmutations skill increases to level 9!
Your Fire Magic skill increases to level 9!
Your Ice Magic skill increases to level 9!
Your Air Magic skill increases to level 9!
Your Earth Magic skill increases to level 9!
Your Poison Magic skill increases to level 10!
Your Invocations skill increases to level 13!
Your Evocations skill increases to level 10!
You have reached level 16!
You feel agile. 😨 HP[-31]
You now have 123 max hp (+9).
You take 31 damage, and now have 53/123 hp.
MASSIVE DAMAGE!! (PAUSE)
You hit the meat berserker.
You pulverise the meat berserker into a thin bloody mist.
You kill the meat berserker!
Makhleb accepts your kill.
You hear a shout! x2
A meat berserker comes into view. It is wielding a +9 battleaxe.
You hear a shout! x5
A bag of meat comes into view. It is wielding a +9 war axe. x2
The meat berserker is struck by your spines.
The meat berserker hits you with a +9 battleaxe!!!
Ouch! That really hurt!
You die...

Skill      XL: |  1  2  3  4  5  6  7  8  9 10 11 12 13 14 15 |
---------------+----------------------------------------------+-----
Fighting       | 5 6 8 9 10 | 10.4
Short Blades   | 4 5 6 8 9 |  9.3
Long Blades    | 4 5 7 8 9 |  9.3
Axes           | 4 5 7 8 9 |  9.4
Maces & Flails | 4 6 7 9 |  9.8
Polearms       | 4 5 7 8 9 |  9.4
Staves         | 4 5 7 8 9 |  9.5
Ranged Weapons | 4 5 7 8 9 |  9.4
Throwing       | 4 5 7 8 9 |  9.4
Armour         | 4 6 7 8 9 |  9.6
Dodging        | 5 6 7 8 9 |  9.6
Stealth        | 5 6 8 9 10 | 10.5
Shields        | 4 5 6 8 9 |  9.2
Unarmed Combat | 5 6 7 9 |  9.7
Spellcasting   | 4 5 7 8 9 |  9.3
Conjurations   | 4 6 7 9 10 | 10.0
Hexes          | 4 6 7 9 10 | 10.0
Summonings     | 5 6 8 9 10 | 10.5
Necromancy     | 5 6 8 10 11 | 11.0
Translocations | 4 5 7 8 9 |  9.4
Transmutations | 4 5 7 8 9 |  9.5
Fire Magic     | 4 5 7 8 9 |  9.5
Ice Magic      | 4 5 7 8 9 |  9.3
Air Magic      | 4 5 6 8 9 |  9.3
Earth Magic    | 4 5 7 8 9 |  9.2
Poison Magic   | 4 6 7 9 10 | 10.0
Invocations    | 7 8 10 12 13 | 13.2
Evocations     | 4 6 7 9 10 | 10.2

Action                   |  1- 3 |  4- 6 |  7- 9 | 10-12 | 13-15 | 16-18 || total
-------------------------+-------+-------+-------+-------+-------+-------++-------
Melee: Executioner's axe |     1 |       |       |     2 |     3 |     1 ||     7

Levels and vault maps discovered:
D:        meatsprint

Notes
Turn   | Place    | Note
-------+----------+-------------------------------------------
     0 | D        | Found the +∞ Axe of Woe
     0 | D        | ytrimaz the Demonspawn Monk began the quest for the Orb.
     0 | D        | Reached XP level 1. HP: 18/18 MP: 1/1
     0 | D        | magus.rc [v1.9.6]
     1 | D        | Noticed a bag of meat
     3 | D        | Became a worshipper of Makhleb the Destroyer
     3 | D        | Reached * piety under Makhleb
     3 | D        | Reached ** piety under Makhleb
     4 | D        | Noticed a bag of meat
     5 | D        | Noticed a meat berserker
     6 | D        | Killed a bag of meat
     6 | D        | Noticed a bag of meat
     7 | D        | Reached skill level 5 in Fighting
     7 | D        | Reached skill level 4 in Short Blades
     7 | D        | Reached skill level 4 in Long Blades
     7 | D        | Reached skill level 4 in Axes
     7 | D        | Reached skill level 4 in Maces & Flails
     7 | D        | Reached skill level 4 in Polearms
     7 | D        | Reached skill level 4 in Staves
     7 | D        | Reached skill level 4 in Ranged Weapons
     7 | D        | Reached skill level 4 in Throwing
     7 | D        | Reached skill level 4 in Armour
     7 | D        | Reached skill level 5 in Dodging
     7 | D        | Reached skill level 5 in Stealth
     7 | D        | Reached skill level 4 in Shields
     7 | D        | Reached skill level 5 in Unarmed Combat
     7 | D        | Reached skill level 4 in Spellcasting
     7 | D        | Reached skill level 4 in Conjurations
     7 | D        | Reached skill level 4 in Hexes
     7 | D        | Reached skill level 5 in Summonings
     7 | D        | Reached skill level 5 in Necromancy
     7 | D        | Reached skill level 4 in Translocations
     7 | D        | Reached skill level 4 in Transmutations
     7 | D        | Reached skill level 4 in Fire Magic
     7 | D        | Reached skill level 4 in Ice Magic
     7 | D        | Reached skill level 4 in Air Magic
     7 | D        | Reached skill level 4 in Earth Magic
     7 | D        | Reached skill level 4 in Poison Magic
     7 | D        | Reached skill level 7 in Invocations
     7 | D        | Reached skill level 4 in Evocations
     7 | D        | Gained mutation: You have a pair of small antennae on your
                  | head. [demonic ancestry]
     7 | D        | Reached XP level 2. HP: 27/27 MP: 1/7
     7 | D        | Reached XP level 3. HP: 33/33 MP: 1/8
     7 | D        | Gained mutation: You regenerate a little health from kills.
                  | [demonic ancestry]
     7 | D        | Reached XP level 4. HP: 39/39 MP: 1/10
     7 | D        | Gained mutation: You regenerate health from kills. [demonic
                  | ancestry]
     7 | D        | Reached XP level 5. HP: 44/44 MP: 1/11
     7 | D        | Gained mutation: You are partially covered in sharp spines.
                  | [demonic ancestry]
     7 | D        | Reached XP level 6. HP: 51/51 MP: 1/12
     7 | D        | Reached XP level 7. HP: 56/56 MP: 1/13
     7 | D        | Gained mutation: You are partially covered in molten
                  | scales. (AC +2) [demonic ancestry]
     7 | D        | Reached XP level 8. HP: 63/63 MP: 1/14
     7 | D        | Gained mutation: You are mostly covered in molten scales.
                  | (AC +3) [demonic ancestry]
     7 | D        | Reached XP level 9. HP: 68/68 MP: 1/15
     7 | D        | Reached XP level 10. HP: 74/74 MP: 1/16
     7 | D        | Killed a meat berserker
     7 | D        | Noticed a bag of meat
     8 | D        | Reached skill level 6 in Fighting
     8 | D        | Reached skill level 5 in Short Blades
     8 | D        | Reached skill level 5 in Long Blades
     8 | D        | Reached skill level 5 in Axes
     8 | D        | Reached skill level 6 in Maces & Flails
     8 | D        | Reached skill level 5 in Polearms
     8 | D        | Reached skill level 5 in Staves
     8 | D        | Reached skill level 5 in Ranged Weapons
     8 | D        | Reached skill level 5 in Throwing
     8 | D        | Reached skill level 6 in Armour
     8 | D        | Reached skill level 6 in Dodging
     8 | D        | Reached skill level 6 in Stealth
     8 | D        | Reached skill level 5 in Shields
     8 | D        | Reached skill level 6 in Unarmed Combat
     8 | D        | Reached skill level 5 in Spellcasting
     8 | D        | Reached skill level 6 in Conjurations
     8 | D        | Reached skill level 6 in Hexes
     8 | D        | Reached skill level 6 in Summonings
     8 | D        | Reached skill level 6 in Necromancy
     8 | D        | Reached skill level 5 in Translocations
     8 | D        | Reached skill level 5 in Transmutations
     8 | D        | Reached skill level 5 in Fire Magic
     8 | D        | Reached skill level 5 in Ice Magic
     8 | D        | Reached skill level 5 in Air Magic
     8 | D        | Reached skill level 5 in Earth Magic
     8 | D        | Reached skill level 6 in Poison Magic
     8 | D        | Reached skill level 8 in Invocations
     8 | D        | Reached skill level 6 in Evocations
     8 | D        | Gained mutation: You have a pair of antennae on your head.
                  | [demonic ancestry]
     8 | D        | Reached XP level 11. HP: 83/83 MP: 1/19
     8 | D        | Reached XP level 12. HP: 89/89 MP: 1/20
     8 | D        | Noticed a meat berserker
     9 | D        | Noticed a bag of meat
     9 | D        | Noticed a meat berserker
     9 | D        | Noticed a bag of meat
    10 | D        | Noticed a bag of meat
    10 | D        | Noticed a meat berserker
    12 | D        | Noticed a bag of meat
    13 | D        | Killed a meat berserker
    13 | D        | Killed a bag of meat
    13 | D        | Reached *** piety under Makhleb
    13 | D        | Killed a bag of meat
    13 | D        | Noticed a meat berserker
    13 | D        | Noticed a bag of meat
    14 | D        | Reached skill level 8 in Fighting
    14 | D        | Reached skill level 6 in Short Blades
    14 | D        | Reached skill level 7 in Long Blades
    14 | D        | Reached skill level 7 in Axes
    14 | D        | Reached skill level 7 in Maces & Flails
    14 | D        | Reached skill level 7 in Polearms
    14 | D        | Reached skill level 7 in Staves
    14 | D        | Reached skill level 7 in Ranged Weapons
    14 | D        | Reached skill level 7 in Throwing
    14 | D        | Reached skill level 7 in Armour
    14 | D        | Reached skill level 7 in Dodging
    14 | D        | Reached skill level 8 in Stealth
    14 | D        | Reached skill level 6 in Shields
    14 | D        | Reached skill level 7 in Unarmed Combat
    14 | D        | Reached skill level 7 in Spellcasting
    14 | D        | Reached skill level 7 in Conjurations
    14 | D        | Reached skill level 7 in Hexes
    14 | D        | Reached skill level 8 in Summonings
    14 | D        | Reached skill level 8 in Necromancy
    14 | D        | Reached skill level 7 in Translocations
    14 | D        | Reached skill level 7 in Transmutations
    14 | D        | Reached skill level 7 in Fire Magic
    14 | D        | Reached skill level 7 in Ice Magic
    14 | D        | Reached skill level 6 in Air Magic
    14 | D        | Reached skill level 7 in Earth Magic
    14 | D        | Reached skill level 7 in Poison Magic
    14 | D        | Reached skill level 10 in Invocations
    14 | D        | Reached skill level 7 in Evocations
    14 | D        | Reached XP level 13. HP: 87/98 MP: 2/23
    14 | D        | Gained mutation: You are completely covered in molten
                  | scales. (AC +4, rF+) [demonic ancestry]
    14 | D        | Reached XP level 14. HP: 94/105 MP: 2/24
    14 | D        | Killed a bag of meat
    14 | D        | Killed a meat berserker
    14 | D        | Reached **** piety under Makhleb
    14 | D        | Noticed a bag of meat
    14 | D        | Noticed a meat berserker
    14 | D        | Noticed a meat berserker
    15 | D        | Reached skill level 7 in Short Blades
    15 | D        | Reached skill level 8 in Axes
    15 | D        | Reached skill level 8 in Maces & Flails
    15 | D        | Reached skill level 8 in Staves
    15 | D        | Reached skill level 8 in Throwing
    15 | D        | Reached skill level 8 in Armour
    15 | D        | Reached skill level 8 in Dodging
    15 | D        | Reached skill level 9 in Stealth
    15 | D        | Reached skill level 7 in Shields
    15 | D        | Reached skill level 8 in Unarmed Combat
    15 | D        | Reached skill level 8 in Conjurations
    15 | D        | Reached skill level 8 in Hexes
    15 | D        | Reached skill level 9 in Summonings
    15 | D        | Reached skill level 9 in Necromancy
    15 | D        | Reached skill level 8 in Fire Magic
    15 | D        | Reached skill level 7 in Air Magic
    15 | D        | Reached skill level 8 in Poison Magic
    15 | D        | Reached skill level 11 in Invocations
    15 | D        | Reached skill level 8 in Evocations
    15 | D        | Killed a bag of meat
    15 | D        | Killed a meat berserker
    15 | D        | Noticed a meat berserker
    15 | D        | Noticed a meat berserker
    15 | D        | Noticed a bag of meat
    16 | D        | Reached skill level 9 in Fighting
    16 | D        | Reached skill level 8 in Short Blades
    16 | D        | Reached skill level 8 in Long Blades
    16 | D        | Reached skill level 9 in Maces & Flails
    16 | D        | Reached skill level 8 in Polearms
    16 | D        | Reached skill level 8 in Ranged Weapons
    16 | D        | Reached skill level 8 in Shields
    16 | D        | Reached skill level 9 in Unarmed Combat
    16 | D        | Reached skill level 8 in Spellcasting
    16 | D        | Reached skill level 9 in Conjurations
    16 | D        | Reached skill level 9 in Hexes
    16 | D        | Reached skill level 10 in Necromancy
    16 | D        | Reached skill level 8 in Translocations
    16 | D        | Reached skill level 8 in Transmutations
    16 | D        | Reached skill level 8 in Ice Magic
    16 | D        | Reached skill level 8 in Air Magic
    16 | D        | Reached skill level 8 in Earth Magic
    16 | D        | Reached skill level 9 in Poison Magic
    16 | D        | Reached skill level 12 in Invocations
    16 | D        | Reached skill level 9 in Evocations
    16 | D        | Reached XP level 15. HP: 105/114 MP: 2/27
    16 | D        | Noticed a meat berserker
    17 | D        | Killed a meat berserker
    17 | D        | Reached ***** piety under Makhleb
    18 | D        | Reached skill level 10 in Fighting
    18 | D        | Reached skill level 9 in Short Blades
    18 | D        | Reached skill level 9 in Long Blades
    18 | D        | Reached skill level 9 in Axes
    18 | D        | Reached skill level 9 in Polearms
    18 | D        | Reached skill level 9 in Staves
    18 | D        | Reached skill level 9 in Ranged Weapons
    18 | D        | Reached skill level 9 in Throwing
    18 | D        | Reached skill level 9 in Armour
    18 | D        | Reached skill level 9 in Dodging
    18 | D        | Reached skill level 10 in Stealth
    18 | D        | Reached skill level 9 in Shields
    18 | D        | Reached skill level 9 in Spellcasting
    18 | D        | Reached skill level 10 in Conjurations
    18 | D        | Reached skill level 10 in Hexes
    18 | D        | Reached skill level 10 in Summonings
    18 | D        | Reached skill level 11 in Necromancy
    18 | D        | Reached skill level 9 in Translocations
    18 | D        | Reached skill level 9 in Transmutations
    18 | D        | Reached skill level 9 in Fire Magic
    18 | D        | Reached skill level 9 in Ice Magic
    18 | D        | Reached skill level 9 in Air Magic
    18 | D        | Reached skill level 9 in Earth Magic
    18 | D        | Reached skill level 10 in Poison Magic
    18 | D        | Reached skill level 13 in Invocations
    18 | D        | Reached skill level 10 in Evocations
    18 | D        | Reached XP level 16. HP: 53/123 MP: 3/29
    18 | D        | Killed a meat berserker
    18 | D        | Noticed a meat berserker
    18 | D        | Mangled by a meat berserker

Vanquished Creatures
  6 ogres (D)
  7 orcs (D)
13 creatures vanquished.

Table legend:
 A = Non-vault XP
 B = Vault XP
 C = Vault XP percentage of total XP
 D = Non-vault monster count
 E = Vault monster count
 F = Vault count percentage of total count
                 A         B        C        D         E       F
            +---------+---------+-------+---------+---------+-------
      Total |  126740 |   58515 |  31.6 |       8 |       5 |  38.5
            +---------+---------+-------+---------+---------+-------
          D |  126740 |   58515 |  31.6 |       8 |       5 |  38.5
            +---------+---------+-------+---------+---------+-------

Illustrated notes

Table legend:
 A = Kills in this place as a percentage of kills in entire the game.
 B = Kills by you in this place as a percentage of kills by you in the entire game.
 C = Kills by friends in this place as a percentage of kills by friends in the entire game.
 D = Other kills in this place as a percentage of other kills in the entire game.
 E = Experience gained in this place as a percentage of experience gained in the entire game.
 F = Experience gained in this place divided by the number of levels of this place that you have seen.
                   A       B       C       D       E      F
               +-------+-------+-------+-------+-------+----------------------
         Total | 100.0 | 100.0 |   N/A |   N/A | 100.0 | 185255.0
       Dungeon | 100.0 | 100.0 |   N/A |   N/A | 100.0 | 185255.0
               +-------+-------+-------+-------+-------+----------------------

Table legend: (Time is in decaauts)
 A = Elapsed time spent in this place.
 B = Non-inter-level travel time spent in this place.
 C = Inter-level travel time spent in this place.
 D = Time resting spent in this place.
 E = Time spent auto-exploring this place.
 F = Levels seen in this place.
 G = Mean time per level.
                   A        B        C        D        E       F      G
               +--------+--------+--------+--------+--------+-----+--------+
         Total |     20 |     20 |      0 |      0 |      0 |   1 |   20.0 |
       Dungeon |     20 |     20 |      0 |      0 |      0 |   1 |   20.0 |
               +--------+--------+--------+--------+--------+-----+--------+

Top non-repeatable levels by time:
       D: 20 daAuts
